 Dungeon Crawl Stone Soup version 0.21.1-1-g345015fe64 (webtiles) character file.

531 Lentor the Slasher (level 7, -2/61 HPs)
             Began as a Minotaur Berserker on June 21, 2018.
             Was a Priest of Trog.
             Slain by a hound (4 damage)
             ... on level 3 of the Dungeon.
             The game lasted 00:06:24 (2424 turns).

Lentor the Slasher (Minotaur Berserker)             Turns: 2424, Time: 00:06:24

Health: -2/61      AC: 10    Str: 23    XL:     7   Next: 3%
Magic:  6/6        EV:  9    Int:  4    God:    Trog [***...]
Gold:   130        SH:  0    Dex: 10    Spells: 6/6 levels left

rFire    . . .     SeeInvis .   a - +0 falchion
rCold    . . .     Gourm    .   (no shield)
rNeg     . . .     Faith    .   p - +0 chain mail
rPois    .         Spirit   .   (helmet restricted)
rElec    .         Reflect  .   (no cloak)
rCorr    .         Harm     .   (no gloves)
MR       .....                  e - +0 pair of boots
Stlth    ..........             (no amulet)
HPRegen  0.20/turn              (no ring)
MPRegen  0.10/turn              (no ring)

@: berserk cooldown, slowed, very slow
A: retaliatory headbutt, horns 2
a: Berserk, Trog's Hand, Burn Spellbooks, Renounce Religion


You were on level 3 of the Dungeon.
You worshipped Trog.
Trog was most pleased with you.
You were very hungry.

You visited 1 branch of the dungeon, and saw 4 of its levels.

You collected 130 gold pieces.

Inventory:

Hand Weapons
 a - a +0 falchion (weapon)
Armour
 e - a +0 pair of boots (worn)
 p - a +0 chain mail (worn)
Jewellery
 r - an uncursed ring of see invisible {unknown}
Scrolls
 f - 2 scrolls of enchant armour {unknown}
 g - 2 scrolls of identify {unknown}
 h - a scroll of remove curse {unknown}
 j - a scroll of random uselessness {unknown}
 o - a scroll of noise {unknown}
Potions
 b - a potion of brilliance {unknown}
 d - a potion of might {unknown}
 i - a potion of flight {unknown}
 k - a potion of heal wounds {unknown}
 l - a potion of lignification {unknown}
 m - 2 potions of agility
 n - a potion of curing {unknown}
Comestibles
 c - 6 rations
 q - a chunk of flesh


   Skills:
 + Level 5.6 Fighting
 + Level 7.1 Long Blades
 + Level 3.8 Armour
 + Level 3.6 Dodging
 + Level 0.8 Stealth


You had 6 spell levels left.
You didn't know any spells.

Dungeon Overview and Level Annotations

Branches:
Dungeon (4/15)
 Temple: D:4-7

Altars:
Elyvilon
Kikubaaqudgha
Wu Jian
The Shining One


Innate Abilities, Weirdness & Mutations

You reflexively headbutt those who attack you in melee.
You have a pair of horns on your head.


Message History

A magic dart appears from out of thin air!
The magic dart hits you!
* * * LOW HITPOINT WARNING * * *
You hit the hound but do no damage. The hound barely misses you.
You riposte.
You hit the hound.
The hound is moderately wounded.
The hound bites you but does no damage. Something hits you but does no damage.
You closely miss the hound.
The hound is moderately wounded.
The hound bites you but does no damage. Something hits you but does no damage.
The hound barely misses you. Something hits you but does no damage.
The hound bites you but does no damage.
You hit the hound.
The hound is severely wounded.
The hound bites you but does no damage. Something hits you but does no damage.
The hound bites you but does no damage.
You closely miss the hound.
The hound is severely wounded.
The hound bites you.
You die...

..# #..........# ..#
##.#........# ..#
###..####.##### .##
##...........# .######
#..#(........# ......#
#####.##.........#
#####<###.....##.........#
#.##..######h........#
#....## #@######### #
###(...######{#
####...##....#...#
......######...### ......#
###...## ......###
#...#..### ).......##
#.####...# ..)...#..###.#
###.# ########...#.## #.#


You could see a hound.

Vanquished Creatures
  Sigmund (D:2)
  An ogre (D:4)
  Natasha (thrice) (D:2)
  Terence (D:3)
  Robin (D:3)
  3 gnolls
  6 adders
  A shadow imp (D:3)
  2 oozes
  A worm (D:2)
  4 dart slugs
  2 orcs
  5 giant cockroaches (D:2)
  17 goblins
  9 hobgoblins
  A jackal (D:3)
  A quokka (D:2)
  A ball python (D:2)
  3 bats
  3 frilled lizards
  3 kobolds
  6 rats
75 creatures vanquished.

Notes
Turn   | Place    | Note
-------+----------+-------------------------------------------
     0 | D:1      | Lentor the Minotaur Berserker began the quest for the Orb.
     0 | D:1      | Reached XP level 1. HP: 19/19 MP: 0/0
   387 | D:1      | Reached skill level 4 in Long Blades
   387 | D:1      | Reached XP level 2. HP: 27/27 MP: 1/1
   921 | D:2      | Reached XP level 3. HP: 17/33 MP: 2/2
  1128 | D:2      | Noticed Natasha
  1140 | D:2      | Killed Natasha
  1140 | D:2      | Reached XP level 4. HP: 11/41 MP: 3/3
  1438 | D:2      | Noticed Sigmund
  1452 | D:2      | Killed Sigmund
  1452 | D:2      | Reached skill level 5 in Fighting
  1452 | D:2      | Reached skill level 5 in Long Blades
  1452 | D:2      | Reached XP level 5. HP: 48/48 MP: 4/4
  1491 | D:2      | Noticed Natasha
  1495 | D:2      | Killed Natasha
  1495 | D:2      | Reached XP level 6. HP: 52/56 MP: 5/5
  1499 | D:2      | Noticed Natasha
  1500 | D:2      | Reached ** piety under Trog
  1505 | D:2      | Killed Natasha
  1505 | D:2      | Reached skill level 6 in Long Blades
  1631 | D:2      | Found a glowing golden altar of the Shining One.
  1631 | D:2      | Found a white marble altar of Elyvilon.
  1638 | D:2      | Found an ornate altar of the Wu Jian Council.
  1640 | D:2      | Found an ancient bone altar of Kikubaaqudgha.
  1643 | D:2      | Found a faded altar of an unknown god.
  1786 | D:3      | Noticed Robin
  1806 | D:3      | Killed Robin
  1961 | D:3      | Noticed Terence
  1965 | D:3      | Killed Terence
  2411 | D:4      | Reached *** piety under Trog
  2411 | D:4      | Reached skill level 7 in Long Blades
  2411 | D:4      | Reached XP level 7. HP: 35/61 MP: 6/6
  2418 | D:4      | HP: 3/61 [orc priest/divine providence (13)]
  2420 | D:3      | HP: 1/61 [something/magic dart (3)]
  2424 | D:3      | Slain by a hound

Skill      XL: |  1  2  3  4  5  6 |
---------------+-------------------+-----
Long Blades    | 4 5 7 |  7.1
Fighting       | 4 5 |  5.6
Armour         | 3 |  3.8
Dodging        | 3 |  3.6
Stealth        | |  0.8

Action                   |  1- 3 |  4- 6 |  7- 9 || total
-------------------------+-------+-------+-------++-------
Melee: Falchion          |    46 |   101 |     7 ||   154
       Headbutt          |     5 |    20 |       ||    25
Invok: Berserk           |     1 |     3 |       ||     4
  Eat: Chunk             |       |     7 |       ||     7
Armor: Leather armour    |    13 |     6 |       ||    19
       Chain mail        |       |    36 |    14 ||    50
       Ring mail         |       |     2 |       ||     2
Dodge: Dodged            |    47 |    54 |     3 ||   104
       Rpst.: Falchion   |    14 |    12 |     1 ||    27
